 Dungeon Crawl Stone Soup version 0.17.1-3-g152610e (webtiles) character file.

2943 CragHack the Zephyrmancer (level 9, -5/53 HPs)
             Began as a High Elf Air Elementalist on Mar 19, 2016.
             Was an Initiate of Sif Muna.
             Slain by an unseen horror (7 damage)
             ... on level 9 of the Dungeon.
             The game lasted 01:10:56 (8388 turns).

CragHack the Zephyrmancer (HEAE)                    Turns: 8388, Time: 01:10:56

Health: -5/53      AC:  6    Str:  7    XL:     9   Next: 51%
Magic:  22/22      EV: 14    Int: 26    God:    Sif Muna [......]
Gold:   419        SH:  0    Dex: 16    Spells: 5 memorised, 12 levels left

rFire  . . .     SeeInvis .     p - +3 rapier (speed)
rCold  . . .     Clarity  .     a - +0 robe
rNeg   . . .     SustAt   .     (no shield)
rPois  +         Gourm    .     j - +1 hat
rElec  .         Spirit   .     r - +2 cloak
rCorr  .         Warding  .     (no gloves)
rMut   .         Stasis   .     (no boots)
MR     .....                    (no amulet)
Stlth  +++.......               o - ring of poison resistance
                                y - +3 ring of intelligence

@: about to teleport, not resistant to hostile enchantments, fairly stealthy
A: no striking features
a: Renounce Religion


You were on level 9 of the Dungeon.
You worshipped Sif Muna.
Sif Muna was noncommittal.
You were not hungry.

You visited 2 branches of the dungeon, and saw 10 of its levels.

You collected 419 gold pieces.

Inventory:

Hand Weapons
 p - a +3 rapier of speed (weapon)
Armour
 a - a +0 robe (worn)
 j - a +1 hat (worn)
 r - a +2 cloak (worn)
Jewellery
 n - an uncursed ring of stealth
 o - a ring of poison resistance (right hand)
 v - an uncursed ring of positive energy
 y - a +3 ring of intelligence (left hand)
Wands
 d - a wand of teleportation (2)
 w - a wand of lightning (0)
 x - a wand of lightning (5)
 E - a wand of enslavement (8)
Scrolls
 i - 2 scrolls of identify
 l - 5 scrolls of remove curse
 u - a scroll of recharging
Potions
 e - 3 potions of heal wounds {unknown}
 f - 2 potions of degeneration {unknown}
 g - 3 potions of mutation {unknown}
 h - 8 potions of curing {unknown}
 k - a potion of cure mutation {unknown}
 m - 2 potions of haste
 q - 3 potions of brilliance {unknown}
 s - a potion of berserk rage {unknown}
 z - 3 potions of flight {unknown}
 A - a potion of beneficial mutation {unknown}
 C - 2 potions of lignification {unknown}
Books
 b - a book of Air

   Spells                             Type                      Level
   a - Shock                          Conjuration/Air              1
   b - Swiftness                      Charms/Air                   2
   c - Repel Missiles                 Charms/Air                   2
   d - Static Discharge               Conjuration/Air              3
   e - Lightning Bolt                 Conjuration/Air              5
 B - a book of Death

   Spells                             Type                      Level
   a - Corpse Rot                     Necromancy                   2
   b - Sublimation of Blood           Necromancy                   2
   c - Agony                          Necromancy                   5
   d - Dispel Undead                  Necromancy                   5
   e - Excruciating Wounds            Charms/Necromancy            5
   f - Bolt of Draining               Conjuration/Necromancy       5
 D - a book of Dreams

   Spells                             Type                      Level
   a - Ensorcelled Hibernation        Hexes/Ice                    2
   b - Phase Shift                    Translocation                5
   c - Shadow Creatures               Summoning                    5
   d - Silence                        Hexes/Air                    5
   e - Darkness                       Hexes                        6
   f - Mass Confusion                 Hexes                        6


   Skills:
 + Level 1.2 Fighting
 + Level 0.5 Short Blades
 + Level 4.2 Dodging
 + Level 4.1 Stealth
 + Level 8.7 Spellcasting
 + Level 6.9 Conjurations
 + Level 1.0 Hexes
 + Level 0.8 Charms
 + Level 0.2 Ice Magic
 + Level 9.0 Air Magic
 + Level 1.5 Evocations


You had 12 spell levels left.
You knew the following spells:

 Your Spells              Type           Power        Failure   Level  Hunger
a - Shock                 Conj/Air       ####         1%          1    None
b - Swiftness             Chrm/Air       #####...     1%          2    None
c - Static Discharge      Conj/Air       ######..     1%          3    None
d - Lightning Bolt        Conj/Air       ######....   8%          5    ####...
e - Ensorcelled Hibernat  Hex/Ice        ##....       10%         2    None


Dungeon Overview and Level Annotations

Branches:
Dungeon (9/15)             Temple (1/1) D:7
   Lair: D:8-11         Orc: D:9-12

Altars:
Ashenzari
Cheibriados
Dithmenos
Elyvilon
Fedhas
Gozag
Kikubaaqudgha
Makhleb
Nemelex Xobeh
Okawaru
Qazlal
Ru
Sif Muna
Trog
Vehumet
Xom
Yredelemnul
Zin
The Shining One

Shops:
D:5 [


Message History

* * * LOW HITPOINT WARNING * * *
Something hits you.
* * * LOW HITPOINT WARNING * * *
Found 3 grey potions.
A killer bee comes into view.
Found a sharpened glass wand.
A killer bee comes into view.
Evoke which item? (* to show all) (? for menu, Esc to quit)
Zapping:
d - a wand of teleportation {recharged} (will waste charges)
Press: ? - help, Shift-Dir - straight line, f - you You feel strangely unstable.
Evoking this partially-identified wand wasted a few charges.
The killer bee buzzes angrily. 2 killer bees come into view.
The killer bee buzzes angrily.
Something hits you but does no damage. The killer bee stings you!
* * * LOW HITPOINT WARNING * * *
A killer bee comes into view.
Something hits you!
You die...

#y# #.# ##y# /..
#y# ##y#######
###.###..y....!#
..........@....#
##.###........#
.## #....#########
...########..####
................#
#...........#....#
#..#....##........
#..(....###.####.
##......# .#


You could see 3 killer bees.

Vanquished Creatures
  The ghost of onwiheg the Jinx, a novice DEEn of Dithmenos (D:4)
  Prince Ribbit (D:5)
  A hippogriff (D:8)
  Edmund (D:3)
  Duvessa (D:5)
  4 ice beasts
  An orc warrior (D:8)
  5 ogres
  4 giant frogs
  Dowan (D:5)
  A wyvern skeleton (D:6)
  2 scorpions
  4 crimson imps
  3 giant frog zombies
  A hound (D:4)
  A jelly (D:8)
  A centaur zombie (D:5)
  A giant frog skeleton (D:5)
  An orc wizard (D:5)
  2 iguanas
  5 worker ants
  3 worker ant zombies
  2 gnolls (D:2)
  10 adders
  An ooze (D:5)
  5 worms
  10 giant geckos
  14 orcs
  6 giant cockroaches
  6 hobgoblins
  12 jackals
  7 kobolds
  3 quokkas
  A ball python (D:1)
  9 bats
  A giant gecko skeleton (D:4)
  4 giant newts
  12 goblins
  8 rats
156 creatures vanquished.

Vanquished Creatures (collateral kills)
  A sky beast (D:8)
1 creature vanquished.

Grand Total: 157 creatures vanquished

Notes
Turn   | Place    | Note
--------------------------------------------------------------
     0 | D:1      | CragHack the High Elf Air Elementalist began the quest for the Orb.
     0 | D:1      | Reached XP level 1. HP: 11/11 MP: 4/4
   372 | D:1      | Reached XP level 2. HP: 17/17 MP: 1/6
   427 | D:1      | Learned a level 2 spell: Swiftness
   478 | D:1      | Reached skill level 4 in Air Magic
   975 | D:1      | Reached XP level 3. HP: 21/21 MP: 4/8
  1219 | D:2      | Found an iron altar of Okawaru.
  1238 | D:2      | Reached XP level 4. HP: 18/27 MP: 0/9
  1360 | D:2      | Reached skill level 5 in Air Magic
  1479 | D:2      | Learned a level 3 spell: Static Discharge
  1663 | D:2      | Found an ancient bone altar of Kikubaaqudgha.
  2143 | D:3      | Noticed a moth of wrath
  2149 | D:3      | Found a bloodstained altar of Trog.
  2791 | D:3      | Reached XP level 5. HP: 31/31 MP: 0/11
  2909 | D:3      | Learned a level 5 spell: Lightning Bolt
  3084 | D:4      | Noticed Edmund
  3236 | D:3      | Killed Edmund
  3335 | D:4      | Noticed an ogre
  3515 | D:4      | Reached XP level 6. HP: 36/36 MP: 11/13
  3548 | D:4      | Killed an ogre
  3548 | D:4      | Reached skill level 6 in Air Magic
  3758 | D:4      | Found an opulent altar of Gozag.
  3849 | D:4      | Noticed onwiheg's ghost (novice DEEn)
  4130 | D:4      | Noticed an ogre
  4141 | D:4      | Killed an ogre
  4141 | D:4      | Reached skill level 5 in Spellcasting
  4144 | D:4      | Killed onwiheg's ghost
  4144 | D:4      | Reached XP level 7. HP: 38/41 MP: 1/16
  4358 | D:5      | Entered Level 5 of the Dungeon
  4388 | D:5      | Found Osunein's Armour Shop.
  4607 | D:5      | Noticed Duvessa
  4614 | D:5      | Killed Duvessa
  4614 | D:5      | Reached skill level 7 in Air Magic
  4807 | D:5      | Noticed Prince Ribbit
  4904 | D:5      | Killed Prince Ribbit
  4904 | D:5      | Reached skill level 1 in Evocations
  4904 | D:5      | Reached XP level 8. HP: 40/47 MP: 3/18
  5102 | D:5      | Noticed Dowan
  5105 | D:5      | Killed Dowan
  5204 | D:5      | Reached skill level 5 in Conjurations
  6364 | D:6      | Reached skill level 8 in Air Magic
  6746 | D:6      | Reached skill level 1 in Fighting
  6746 | D:6      | Reached XP level 9. HP: 36/53 MP: 8/21
  7210 | D:7      | Found a staircase to the Ecumenical Temple.
  7219 | Temple   | Entered the Ecumenical Temple
  7352 | D:7      | Learned a level 2 spell: Ensorcelled Hibernation
  7676 | D:8      | Reached skill level 9 in Air Magic
  8022 | D:8      | Found a deep blue altar of Sif Muna.
  8068 | D:8      | Reached skill level 1 in Hexes
  8302 | D:8      | Found a blossoming altar of Fedhas.
  8302 | D:8      | Found a white marble altar of Elyvilon.
  8357 | D:8      | Became a worshipper of Sif Muna the Loreminder
  8387 | D:9      | HP: 2/53 [killer bee (9)]
  8388 | D:9      | Slain by an unseen horror

Action                   |  1- 3 |  4- 6 |  7- 9 || total
-------------------------+-------+-------+-------++-------
Melee: Dagger            |     1 |     2 |       ||     3
       Rapier            |       |     3 |     2 ||     5
 Cast: Shock             |    71 |   126 |   123 ||   320
       Static Discharge  |       |    22 |    49 ||    71
       Swiftness         |       |     1 |       ||     1
       Lightning Bolt    |       |       |    15 ||    15
       Ensorcelled Hiber |       |       |     2 ||     2
Evoke: Wand              |       |       |    14 ||    14
  Use: Scroll            |       |     9 |    10 ||    19
  Eat: Beef jerky        |     1 |     1 |     2 ||     4
       Bread ration      |       |     2 |     1 ||     3
       Fruit             |       |       |     5 ||     5
       Pizza             |       |       |     2 ||     2
       Chunk             |       |       |     2 ||     2
